Workbook

Sheet Hoja presentación costes
C2: Precios ofertados por el licitador
B4: 1 | C4: Inversión del proyecto | E4: € | F4: Precio a cobrar por el adjudicatario por el diseño, construcción, equipamiento y puesta en marcha de la Planta.
B5: 2 | C5: Precio venta H2 a CAT | E5: €/kg | F5: Precio fijo durante toda la vigencia del contrato
B6: 3 | C6: Precio energía eléctrica suministro a la Sociedad Mixta | E6: €/MWh | F6: Precio fijo durante toda la vigencia del contrato
B7: 4 | C7: Precio anual de la totalidad de los servicios ofertados | E7: €/a | F7: Precio actualizable según IPN nacional
C10: El precio anual ofertado por los servicios anuales incluye: * Mantenimiento preventivo *Mantenimiento correctivo *Aprovisionamiento para el cambio de stack a la finalización de su vida útil * Costes Consumibles planta (agua, saneamiento, aceites, grasas, N2, comunicaciones) *Coste operación planta *Coste de la gestión comercial para la venta de hidrógeno *Costes administrativos de gestión de la planta *Costes del seguro de responsabilidad civil y operación planta *Cualesquiera otros costes correspondan al licitador según lo establecido en el contrato de servicios
C13: Nota: Sólo introducir datos en las celdas marcadas en amarillo
C14: El precio por los servicios anuales ofertados (4) debe ser el mismo que figure en la hoja "valoración del proyecto" en su casilla D31

Sheet Hoja Resumen datos
B1: Proyecto GreenH2CATudela (Hoja resumen)
B3: Resumen datos técnicos proyecto
B4: Potencia electrolizador | C4: 0 | D4: kW
B5: Horas de funcionamiento equivalente previstas | C5: 0 | D5: h/a | F5: =C5*15 -> 0 | G5: horas durante la vigencia del contrato
B6: Rendimiento generación H2 año 1 (sin BoP) | C6: 0
B7: Consumo BoP | C7: 0 | D7: kW
B8: Producción anual H2 garantizada | C8: 0 | D8: t/a | F8: No superior a | G8: =C4*C6/33.33*C5/1000 -> 0 | H8: t/a
B9: Vida media del stack | C9: 0 | D9: horas | G9: =C9/C5 -> #DIV/0! | H9: años | I9: =IF(C9>F5,0,ROUNDUP((15/G9)-1,0)) -> #DIV/0! | J9: Cambio staks en el periodo de 5 años
B10: Degradación medio de rendimiento anual del stack | C10: 0 | G10: =C4*(1+(C10))*(1+(C10))*(1+(C10)) -> 0 | H10: kWh (Consumo medio electrolizador año 4)
B11: Energía consumida por la planta a mitad de vida útil del stack | C11: 0 | D11: kWh/a | F11: No inferior a | G11: =(G10+C7)*C5 -> 0 | H11: kWh/a
B12: Consumo de agua Anual | C12: 0 | D12: m3/a | F12: No inferior a | G12: =G8*9*1.3 -> 0 | H12: m3/a
B13: Capacidad de almacenamiento | C13: 0 | D13: m3
B14: presión almacenamiento | C14: 0 | D14: bar | G14: =C13*(C14-13)*0.09/900 -> 0 | H14: días almacenamiento
B17: Compromiso de precios
B18: Coste energía suministrada (max. 45 €/MWh) (Incluido costes de peajes de acceso) | C18: ='Hoja presentación costes'!D6 -> 0 | D18: €/MWh | F18: No superior a | G18: 45 | H18: €/MWh
B19: Precio venta H2 a la CAT (max 4,5 €/kg) | C19: ='Hoja presentación costes'!D5 -> 0 | D19: €/kg | F19: No superior a | G19: 4.5 | H19: €/kg
B22: Inversión asociada al proyecto
B23: Inversión total instalación ofertada (Incluida ingeniería y tasas). (Max 10MM€) | C23: ='Hoja presentación costes'!D4 -> 0 | D23: € | F23: No superior a | G23: 10000000 | H23: €
B26: Costes medios asociado a la explotación de la planta | I26: Notas
B27: Coste mantenimiento preventivo (Incluye repuestos, consumibles y m.obra preventivo) | C27: 0 | D27: €/a | I27: Estimación del licitador del importe que considera que tendrá que asumir anualmente por este concepto.
B28: Coste mantenimiento correctivo (previsión) | C28: 0 | D28: €/a | I28: Estimación del licitador del importe que considera que tendrá que asumir anualmente por este concepto.
B29: Coste cambio stack a fin de vida útil | C29: 0 | D29: € | F29: =C29/C23 -> #DIV/0! | I29: Estimación del licitador del importe que considera que tendrá que asumir por este concepto.
B30: Coste personal y gestión operativa planta y comercialización | C30: 0 | D30: €/a | I30: Estimación del licitador del importe que considera que tendrá que asumir anualmente por este concepto.
B31: Coste seguros, revisiones legales, etc… | C31: 0 | D31: €/a | I31: Estimación del licitador del importe que considera que tendrá que asumir anualmente por este concepto.
B32: Costes administrativos | C32: 0 | D32: €/a | I32: Estimación del licitador del importe que considera que tendrá que asumir anualmente por este concepto.
B33: Suministros (agua, nitrógeno, comunicaciones,) | C33: 0 | D33: €/a | I33: Estimación del licitador del importe que considera que tendrá que asumir anualmente por este concepto.
B34: Arrendamiento parcela | C34: =G34 -> 30000 | D34: €/a | G34: 30000 | H34: €/a | I34: A pagar por la Sociedad Mixta a Ciudad Agroalimentaria de Tudela, S.L.U. Se actualizará anualmente conforme a IPC nacional.
B35: Coste electricidad | C35: =G35 -> 0 | D35: €/a | G35: =(C11/1000)*C18 -> 0 | H35: €/a | I35: A pagar por la Sociedad Mixta al adjudicatario al precio acordado por la cantidad consumida al precio acordado (fijo durante toda la vigencia del contrato sin revisión)
B37: * Nota: Sólo introducir datos en las celdas marcadas en amarillo
B38: Los precios introducidos deben ser concordandantes con la oferta realizada y el valor obtenido en la valoración de proyecto

Sheet Valoración proyecto
B3: Inversión y subvención considerada
B4: Inversión | C4: ='Hoja Resumen datos'!C23 -> 0 | D4: € | H4: P.base proyecto IDAE | I4: 8100000 | J4: €
B5: Subvención estimada | C5: =IF(C4>I4,I5,I5*H6) -> 0 | D5: € | H5: Subvención base | I5: 2884481.2 | J5: €
B6: Inversión final considerada | C6: =C4-C5 -> 0 | D6: € | H6: =C4/I4 -> 0 | I6: Sobreprecio sobre inversión base considerada
B10: Ingresos
C11: H2 CAT | D11: =307000*'Hoja Resumen datos'!C19 -> 0 | E11: €/a | F11: =D11/D13 -> 0
C12: H2 Otros (*) | D12: =('Hoja Resumen datos'!C8-307)*1000*(4.5+2) -> -1995500 | E12: €/a | F12: =D12/D13 -> 1 | G12: Dato calculado por defecto (precio máximo venta CAT + 2€/kg)
B13: Total Ingresos | D13: =SUM(D11:D12) -> -1995500 | E13: €/a
B15: Gastos
C16: E. Eléctrica | D16: ='Hoja Resumen datos'!C11*'Hoja Resumen datos'!C18/1000 -> 0 | E16: €/a | F16: =D16/D$25 -> #DIV/0! | G16: A pagar por la sociedad mixta al adjudicatario al precio acordado por la cantidad consumida al precio acordado (fijo sin revisión durante toda la vigencia del contrato)
C17: Consumibles | D17: ='Hoja Resumen datos'!C33 -> 0 | E17: €/a | F17: =D17/D$25 -> #DIV/0! | G17: Estimación del licitador del importe que considera que tendrá que asumir anualmente por este concepto.
C18: Mantenimiento preventivo | D18: ='Hoja Resumen datos'!C27 -> 0 | E18: €/a | F18: =D18/D$25 -> #DIV/0! | G18: Estimación del licitador del importe que considera que tendrá que asumir anualmente por este concepto.
C19: Mantenimiento correctivo | D19: ='Hoja Resumen datos'!C28 -> 0 | E19: €/a | F19: =D19/D$25 -> #DIV/0! | G19: Estimación del licitador del importe que considera que tendrá que asumir anualmente por este concepto.
C20: Cambio stack | D20: ='Hoja Resumen datos'!C29*'Hoja Resumen datos'!I9/15 -> #DIV/0! | E20: €/a | F20: =D20/D$25 -> #DIV/0! | G20: Importe anual que el licitador cobrará como parte del precio de los servicios y que se corresponde al importe estimado del cambio de stack que deberá asumir al final de su vida útil, dividido entre 15.
C21: Personal | D21: ='Hoja Resumen datos'!C30 -> 0 | E21: €/a | F21: =D21/D$25 -> #DIV/0! | G21: Estimación del licitador del importe que considera que tendrá que asumir anualmente por este concepto.
C22: Administrativos | D22: ='Hoja Resumen datos'!C32 -> 0 | E22: €/a | F22: =D22/D$25 -> #DIV/0! | G22: Estimación del licitador del importe que considera que tendrá que asumir anualmente por este concepto.
C23: Seguros | D23: ='Hoja Resumen datos'!C31 -> 0 | E23: €/a | F23: =D23/D$25 -> #DIV/0! | G23: Estimación del licitador del importe que considera que tendrá que asumir anualmente por este concepto.
C24: Arrendamiento parcela | D24: 30000 | E24: €/a | F24: =D24/D$25 -> #DIV/0! | G24: A pagar por la Sociedad Mixta a Ciudad Agroalimentaria de Tudela, S.L.U. Se actualizará anualmente conforme a IPC nacional.
B25: Total gastos | D25: =SUM(D16:D24) -> #DIV/0! | E25: €/a | F25: =D25/D$25 -> #DIV/0!
B27: Resultado bruto | D27: =D13-D25 -> #DIV/0! | E27: €/a
B28: P.B | D28: ='Valoración proyecto'!C6/D27 -> #DIV/0! | E28: años
C31: Precio servicio ofertado | D31: =SUM(D17:D23) -> #DIV/0! | E31: €/a
